 Dungeon Crawl Stone Soup version 0.26-a0-652-gafc20e3620 (webtiles) character file.

Game seed: 12128873317488792196

10039 DogServant the Geomancer (level 11, -3/60 HPs)
             Began as a Gargoyle Earth Elementalist on Oct 3, 2020.
             Was a Believer of Vehumet.
             Slain by a red ugly thing (21 damage)
             ... on level 11 of the Dungeon.
             The game lasted 00:33:02 (12589 turns).

DogServant the Geomancer (GrEE)                    Turns: 12589, Time: 00:33:03

Health: -3/60      AC: 16    Str: 13    XL:     11   Next: 55%
Magic:  21/29      EV: 13    Int: 18    God:    Vehumet [**....]
Gold:   348        SH:  4    Dex: 10    Spells: 4/22 levels left

rFire    . . .     SeeInvis .   E - +2 flail (vorpal)
rCold    . . .     Faith    .   s - +0 buckler
rNeg     + + .     Spirit   .   n - +0 leather armour
rPois    ∞         Reflect  .   L - +2 helmet
rElec    +         Harm     .   r - +0 cloak
rCorr    .         Rampage  .   I - +0 pair of gloves
MR       .....                  (no boots)
Stlth    ++........             v - amulet of regeneration
HPRegen  0.60/turn              D - ring of magical power
MPRegen  0.21/turn              j - ring of positive energy

@: no status effects
A: claws 1, talons 1, negative energy resistance 1, electricity resistance,
unbreathing, petrification resistance, rot immunity, AC +8
a: Renounce Religion


You were on level 11 of the Dungeon.
You worshipped Vehumet.
Vehumet was pleased with you.
You visited 2 branches of the dungeon, and saw 12 of its levels.

You collected 558 gold pieces.
You spent 210 gold pieces at shops.

Inventory:

Hand Weapons
 B - a +1 dagger of venom
 E - a +2 vorpal flail (weapon)
Missiles
 b - 98 stones
 x - 28 poisoned darts
 G - a boomerang of dispersal (quivered)
Armour
 n - a +0 leather armour (worn)
 r - a +0 cloak (worn)
 s - a +0 buckler (worn)
 I - a +0 pair of gloves (worn)
 L - a +2 helmet (worn)
Magical Staves
 O - an uncursed staff of air
Jewellery
 d - an uncursed amulet of the acrobat
 j - a ring of positive energy (right hand)
 p - an uncursed amulet of guardian spirit {unknown}
 v - an amulet of regeneration (around neck)
 A - an uncursed ring of flight
 D - a ring of magical power (left hand)
 S - an uncursed amulet of reflection {unknown}
Wands
 o - a wand of iceblast (6)
 t - a wand of polymorph (11)
 u - a wand of disintegration (14)
 F - a wand of acid (4)
 H - a wand of digging (4)
 J - a wand of paralysis (9)
 T - a wand of random effects (16)
Scrolls
 e - a scroll of magic mapping
 h - 6 scrolls of enchant weapon
 i - 7 scrolls of remove curse
 l - 9 scrolls of teleportation {unknown}
 m - a scroll of amnesia {unknown}
 w - a scroll of noise {unknown}
 y - a scroll of fear {unknown}
 C - 4 scrolls of enchant armour
 N - 4 scrolls of identify
 P - a scroll of brand weapon {unknown}
 R - a scroll of random uselessness {unknown}
 U - a scroll of holy word {unknown}
 V - a scroll of vulnerability {unknown}
Potions
 c - a potion of berserk rage {unknown}
 f - 4 potions of lignification {unknown}
 g - 4 potions of heal wounds {unknown}
 k - a potion of magic
 q - 4 potions of might
 z - a potion of haste
 K - a potion of flight {unknown}
 M - 2 potions of degeneration {unknown}
Miscellaneous
 Q - a phial of floods


   Skills:
 + Level 3.3 Fighting
 - Level 2.1 Short Blades
 - Level 5.2 Maces & Flails
 - Level 1.0 Armour
 - Level 5.4 Dodging
 - Level 4.1 Stealth
 - Level 4.2 Shields
 - Level 6.3 Spellcasting
 + Level 7.1 Conjurations
 - Level 4.7 Summonings
 - Level 2.5 Transmutations
 + Level 11.1 Earth Magic
 + Level 0.8 Evocations


You had 4 spell levels left.
You knew the following spells:

 Your Spells              Type           Power        Failure   Level
a - Sandblast             Erth           #####.       1%          1
b - Stone Arrow           Conj/Erth      #####.       1%          3
c - Petrify               Tmut/Erth      ####....     9%          4
d - Lee's Rapid Deconstr  Erth           #####.....   4%          5
e - Call Imp              Summ           ###.....     3%          2
f - Call Canine Familiar  Summ           ###.....     6%          3

Your spell library contained the following spells:

 Spells                   Type           Power        Failure   Level
 Searing Ray              Conj           ####..       1%          2
 Summon Small Mammal      Summ           ###.         1%          1
 Passwall                 Tmut/Erth      ####....     1%          2
 Foxfire                  Conj/Fire      ###.         3%          1
 Conjure Flame            Conj/Fire      ###.....     10%         3
 Summon Guardian Golem    Hex/Summ       ##......     17%         3
 Sticky Flame             Conj/Fire      ###.....     32%         4
 Inner Flame              Hex/Fire       #.......     41%         3
 Summon Ice Beast         Ice/Summ       ##......     50%         4
 Summon Lightning Spire   Summ/Air       ##......     50%         4
 Fireball                 Conj/Fire      ###.......   67%         5


Dungeon Overview and Level Annotations

Branches:
Dungeon (11/15)            Temple (1/1) D:7            Lair (0/6) D:10
    Orc: D:9-12

Altars:
Ashenzari
Cheibriados
Dithmenos
Elyvilon
Fedhas
Gozag
Hepliaklqana
Kikubaaqudgha
Makhleb
Nemelex Xobeh
Okawaru
Qazlal
Ru
Sif Muna
Trog
Uskayaw
Vehumet
Wu Jian
Xom
Yredelemnul
Zin
The Shining One

Shops:
D:6 *:[[   D:9 (   D:10 }

Annotations:
D:3 3 runed translucent doors, Colgate's ghost, amateur OpVM
D:9 Erolcha


Innate Abilities, Weirdness & Mutations

You are resistant to torment.
Your stone body is resilient. (AC +8)
You are immune to poison.
You resist negative energy. (rN+)
You are resistant to electric shocks. (rElec)
You can survive without breathing.
You are immune to petrification.
You are immune to rotting.
You have sharp fingernails.
You have sharp toenails.


Message History

Casting: Sandblast (safe; 1% risk of failure)
Confirm with . or Enter, or press ? or * to list all spells.
Aiming: Stone Arrow (safe; 1% risk of failure)
Press: ? - help, Shift-Dir - straight line, f/p - red ugly thing
Aim: a red ugly thing (heavily wounded)
The stone arrow hits the red ugly thing!
The red ugly thing is severely wounded.
The phantom blinks!
The red ugly thing engulfs you but does no damage.
A water moccasin skeleton comes into view.
Casting: Stone Arrow (safe; 1% risk of failure)
Confirm with . or Enter, or press ? or * to list all spells.
Aiming: Stone Arrow (safe; 1% risk of failure)
Press: ? - help, Shift-Dir - straight line, f/p - red ugly thing
Aim: a red ugly thing (severely wounded)
The stone arrow misses the red ugly thing.
The red ugly thing engulfs you.
* * * LOW HITPOINT WARNING * * *
You are engulfed in flames!!
You die...

..#[#.. #.#.#.###
# # ##.#....$#.#
#. ......#.#.#
#.##.........#
#.#......#...#
#.....).)....####
#..u@.........#
#.###..<..###.
#.......#
....>...#Z#
#.###.#...# ..
....#.# ##
##.#.#.# ?.#...#
# #####


You could see a red ugly thing and a water moccasin skeleton.

Vanquished Creatures
  A two-headed ogre (D:9)
  An unseen horror (D:7)
  Joseph (D:7)
  A gargoyle (D:10)
  A troll (D:9)
  A hippogriff (D:7)
  Sigmund (D:4)
  A wyvern (D:8)
  A wraith (D:10)
  8 yaks (D:10)
  An orc warrior (D:10)
  2 black bears
  4 porcupines
  2 ice beasts
  3 phantoms
  A sky beast (D:6)
  6 centaurs
  8 ogres
  An eye of draining (D:9)
  A necrophage (D:9)
  2 crocodiles
  3 big kobolds
  Blork the orc (D:4)
  10 bullfrogs
  7 scorpions
  2 water moccasin skeletons
  17 killer bees
  5 howler monkeys
  2 bullfrog zombies
  3 jellies
  2 hounds (D:5)
  4 orc priests
  A bullfrog skeleton (D:9)
  7 orc wizards
  A centaur skeleton (D:5)
  2 gnoll shamans (D:6)
  4 iguanas
  10 worker ants
  A hound skeleton (D:5)
  A howler monkey zombie (D:7)
  A worker ant zombie (D:6)
  11 gnolls
  14 adders
  2 shadow imps
  2 white imps
  2 ufetubi (D:6)
  An adder zombie (D:5)
  2 worms
  2 dart slugs
  7 leopard geckos
  28 orcs
  3 ball pythons
  6 giant cockroaches
  9 hobgoblins
  9 jackals
  4 quokkas
  10 bats
  8 frilled lizards
  9 goblins
  20 kobolds
  A quokka skeleton (D:6)
  A quokka zombie (D:6)
  6 rats
  2 rat zombies (D:7)
  A butterfly (D:7)
292 creatures vanquished.

Vanquished Creatures (others)
  56 fungi (D:10)
  48 plants
  4 toadstools (D:1)
108 creatures vanquished.

Grand Total: 400 creatures vanquished

Notes
Turn   | Place    | Note
-------+----------+-------------------------------------------
     0 | D:1      | DogServant the Gargoyle Earth Elementalist began the quest
                  | for the Orb.
     0 | D:1      | Reached XP level 1. HP: 10/10 MP: 3/3
   338 | D:1      | Reached XP level 2. HP: 15/15 MP: 3/5
   634 | D:1      | Reached skill level 4 in Earth Magic
   643 | D:1      | Reached XP level 3. HP: 15/19 MP: 3/6
  1378 | D:2      | You fall into a shaft and drop 1 floor!
  1648 | D:2      | Reached XP level 4. HP: 19/24 MP: 1/7
  1653 | D:2      | Learned a level 3 spell: Stone Arrow
  2572 | D:3      | Found a blossoming altar of Fedhas.
  2861 | D:3      | Reached XP level 5. HP: 25/28 MP: 7/9
  2976 | D:3      | Found a runed translucent gate.
  2976 | D:3      | Found a runed translucent gate.
  2977 | D:3      | Found a runed translucent gate.
  3002 | D:3      | Noticed Colgate's ghost (amateur OpVM)
  3248 | D:4      | Reached skill level 1 in Fighting
  3248 | D:4      | Reached skill level 1 in Armour
  3278 | D:4      | Learned a level 4 spell: Petrify
  3320 | D:4      | Reached skill level 1 in Shields
  3320 | D:4      | Reached skill level 1 in Conjurations
  3330 | D:4      | Noticed Sigmund
  3330 | D:4      | Noticed an ogre
  3471 | D:4      | Killed Sigmund
  3471 | D:4      | Reached skill level 5 in Earth Magic
  3471 | D:4      | Reached XP level 6. HP: 22/34 MP: 2/10
  3595 | D:4      | Reached XP level 7. HP: 38/38 MP: 7/11
  3736 | D:4      | You fall into a shaft and drop 3 floors!
  3745 | D:7      | Reached skill level 6 in Earth Magic
  4059 | D:7      | Reached skill level 7 in Earth Magic
  4059 | D:7      | Reached XP level 8. HP: 43/43 MP: 6/12
  4116 | D:7      | Reached skill level 5 in Conjurations
  4134 | D:6      | Found a broken altar of Ashenzari.
  4165 | D:5      | Entered Level 5 of the Dungeon
  4450 | D:4      | Reached skill level 8 in Earth Magic
  4566 | D:3      | Found a blossoming altar of Fedhas.
  4674 | D:3      | Found a runed translucent gate.
  4674 | D:3      | Found a runed translucent gate.
  4674 | D:3      | Found a runed translucent gate.
  5130 | D:4      | Noticed Blork the orc
  5133 | D:4      | Killed Blork the orc
  5219 | D:4      | Found a broken altar of Ashenzari.
  5698 | D:4      | Found a hazy altar of Hepliaklqana.
  6200 | D:5      | Found a white marble altar of Elyvilon.
  6294 | D:5      | Reached XP level 9. HP: 48/48 MP: 13/13
  6511 | D:5      | Reached skill level 9 in Earth Magic
  6647 | D:5      | Reached skill level 1 in Transmutations
  7395 | D:6      | Learned a level 5 spell: Lee's Rapid Deconstruction
  7629 | D:6      | Found Fapnon's Antique Armour Emporium.
  7639 | D:6      | Reached skill level 1 in Short Blades
  7780 | D:6      | Bought a shiny helmet for 210 gold pieces
  8018 | D:6      | Found Jeanol's Armour Shop.
  8183 | D:6      | Learned a level 2 spell: Call Imp
  8260 | D:6      | Found Tihuar's General Store.
  8302 | D:6      | Found Sieg Nedgh's Book Boutique.
  8680 | D:7      | Noticed Joseph
  8700 | D:7      | HP: 2/50 [Joseph/+2 quarterstaff of pain (10)]
  8708 | D:7      | Killed Joseph
  8708 | D:7      | Reached skill level 1 in Maces & Flails
  8708 | D:7      | Reached skill level 1 in Summonings
  9112 | D:7      | Reached XP level 10. HP: 33/56 MP: 4/16
  9129 | D:7      | Killed an unseen horror
  9241 | D:7      | Found a staircase to the Ecumenical Temple.
  9298 | Temple   | Entered the Ecumenical Temple
  9497 | Temple   | Became a worshipper of Vehumet
  9671 | D:7      | Found a blossoming altar of Fedhas.
  9905 | D:8      | Found a glowing silver altar of Zin.
 10065 | D:8      | Reached skill level 5 in Spellcasting
 10266 | D:8      | Reached skill level 10 in Earth Magic
 10404 | D:8      | Reached * piety under Vehumet
 10404 | D:8      | Offered knowledge of Shock by Vehumet.
 10409 | D:8      | Learned a level 3 spell: Call Canine Familiar
 10777 | D:9      | Gained mutation: You are frail. (-10% HP) [potion of
                  | mutation]
 10777 | D:9      | Gained mutation: You are surrounded by a mild repulsion
                  | field. (EV +2) [potion of mutation]
 10778 | D:9      | Lost mutation: You are frail. (-10% HP) [potion of
                  | mutation]
 10778 | D:9      | Lost mutation: You are surrounded by a mild repulsion
                  | field. (EV +2) [potion of mutation]
 10778 | D:9      | Gained mutation: You have sharp toenails. [potion of
                  | mutation]
 10778 | D:9      | Gained mutation: You have sharp fingernails. [potion of
                  | mutation]
 10885 | D:9      | Noticed a two-headed ogre
 10896 | D:9      | Killed a two-headed ogre
 11051 | D:9      | Reached XP level 11. HP: 60/60 MP: 19/19
 11111 | D:9      | Noticed Erolcha
 11189 | D:9      | Found Tymmaj's Weapon Boutique.
 11225 | D:10     | Entered Level 10 of the Dungeon
 11237 | D:10     | Reached skill level 5 in Dodging
 11757 | D:10     | Found a staircase to the Lair.
 11795 | D:10     | Reached skill level 5 in Maces & Flails
 11800 | D:10     | Offered knowledge of Searing Ray by Vehumet.
 11807 | D:10     | Reached ** piety under Vehumet
 11881 | D:10     | Reached skill level 11 in Earth Magic
 12019 | D:10     | Found Hunlerph's Gadget Shop.
 12577 | D:11     | Noticed a red ugly thing
 12584 | D:11     | HP: 2/60 [phantom (4)]
 12589 | D:11     | Slain by a red ugly thing

Illustrated notes

Levels and vault maps discovered:
D:1:      ldierk_water_garden, layout_rooms
D:2:      layout_basic, kennysheep_generic_room_13
D:3:      layout_basic, lemuel_doored_altar, gammafunk_ghost_icy, minmay_between
D:4:      layout_layer_cave, kennysheep_mini_moat, corexii_shack,
          nicolae_ashenzari_panopticon, uniq_blork_the_orc, uniq_sigmund
D:5:      layout_gridville, elyvilon_altar_1
D:6:      layout_basic, basic_altar, serial_shops, shop_statue, shop, shop, shop
D:7:      layout_loops_corners, minmay_temple_entry_butterflies,
          enter_ossuary_4, fedhas_altar_4, uniq_joseph
D:8:      layout_loops_cross, zin_scriptorium
D:9:      minmay_the_grid_triangle_9x9_recursive_2
          [minmay_the_grid_triangle_9x9_prize_schism,
          minmay_the_grid_triangle_9x9_alien,
          minmay_the_grid_triangle_9x9_pentomino_pain,
          minmay_the_grid_triangle_9x9_sprig], layout_basic, serial_shops, shop,
          grunt_ministairs_15, onia_ninara_cookie, uniq_erolcha
D:10:     layout_roguey, due_lair_maze_entry_diamond, serial_shops, shop
D:11:     layout_basic, orc_0_dummy, lemuel_altar_in_water2, uniq_erica
Temple:   eino_narrow_crystal_temple

Skill      XL: |  1  2  3  4  5  6  7  8  9 10 11 |
---------------+----------------------------------+-----
Stealth        | 3 4 |  4.1
Earth Magic    | 4 5 7 8 9 10 11 | 11.1
Fighting       | 1 3 |  3.3
Armour         | 1 |  1.0
Shields        | 2 3 4 |  4.2
Conjurations   | 2 3 4 6 7 |  7.1
Transmutations | 2 |  2.5
Spellcasting   | 4 5 6 |  6.3
Dodging        | 3 4 5 |  5.4
Short Blades   | 2 |  2.1
Maces & Flails | 1 4 5 |  5.2
Summonings     | 1 3 4 |  4.7
Evocations     | |  0.8

Action                   |  1- 3 |  4- 6 |  7- 9 | 10-12 || total
-------------------------+-------+-------+-------+-------++-------
Melee: Unarmed           |    53 |       |       |       ||    53
       Club              |    78 |   105 |     6 |       ||   189
       Flail             |       |       |   226 |   390 ||   616
       Dagger            |       |       |    27 |       ||    27
       Staff             |       |       |     9 |       ||     9
       Kick              |       |       |       |    41 ||    41
 Cast: Sandblast         |    25 |    57 |   119 |    88 ||   289
       Stone Arrow       |       |       |    14 |    18 ||    32
       Petrify           |       |       |     1 |     2 ||     3
       Call Imp          |       |       |       |     2 ||     2
       Call Canine Famil |       |       |       |     1 ||     1
       Lee's Rapid Decon |       |       |       |     1 ||     1
Evoke: Wand              |       |       |     2 |       ||     2
  Use: Potion            |       |     1 |     5 |     6 ||    12
       Scroll            |       |       |     9 |     1 ||    10
 Stab: Sleeping          |     5 |     3 |     4 |     4 ||    16
       Petrified         |       |       |     4 |     5 ||     9
Armor: Robe              |    54 |    13 |       |       ||    67
       Leather armour    |       |    49 |   194 |   251 ||   494
Dodge: Dodged            |   148 |   124 |   219 |   366 ||   857
Block: Buckler           |       |       |    76 |   114 ||   190

Table legend: (Time is in decaauts)
 A = Elapsed time spent in this place.
 B = Non-inter-level travel time spent in this place.
 C = Inter-level travel time spent in this place.
 D = Time resting spent in this place.
 E = Time spent auto-exploring this place.
 F = Levels seen in this place.
 G = Mean time per level.
                   A        B        C        D        E       F      G
               +--------+--------+--------+--------+--------+-----+--------+
         Total |  12818 |  12384 |    434 |   1389 |   8121 |  12 | 1068.2 |
       Dungeon |  12603 |  12211 |    392 |   1389 |   7950 |  11 | 1145.7 |
        Temple |    214 |    172 |     42 |      0 |    171 |   1 |  214.0 |
               +--------+--------+--------+--------+--------+-----+--------+

Top non-repeatable levels by time:
     D:4: 1662 daAuts
     D:3: 1660 daAuts
     D:7: 1621 daAuts
     D:6: 1463 daAuts
     D:2: 1370 daAuts
    D:10: 1157 daAuts
     D:5: 1121 daAuts
     D:1: 942 daAuts
     D:8: 907 daAuts
     D:9: 670 daAuts
  Temple: 214 daAuts
    D:11: 27 daAuts
